 Dungeon Crawl Stone Soup version 0.17.1-1-g73c8601 (webtiles) character file.

53 Implojin the Ruffian (level 3, -2/31 HPs)
             Began as a Minotaur Fighter on Apr 8, 2016.
             Slain by an orc
             ... wielding a +0 falchion
              (7 damage)
             ... on level 3 of the Dungeon.
             The game lasted 00:01:42 (330 turns).

Implojin the Ruffian (Minotaur Fighter)              Turns: 330, Time: 00:01:42

Health: -2/31      AC:  6    Str: 20    XL:     3   Next: 62%
Magic:  2/2        EV:  7    Int:  5    God:
Gold:   36         SH:  9    Dex: 10    Spells: 0 memorised, 2 levels left

rFire  . . .     SeeInvis .       - Unarmed
rCold  . . .     Clarity  .     a - +0 scale mail
rNeg   . . .     SustAt   .     b - +0 shield
rPois  .         Gourm    .     (helmet restricted)
rElec  .         Spirit   .     (no cloak)
rCorr  .         Warding  .     (no gloves)
rMut   .         Stasis   .     (no boots)
MR     .....                    (no amulet)
Stlth  ..........               (no ring)
                                (no ring)

@: not resistant to hostile enchantments, extremely unstealthy
A: retaliatory headbutt, horns 2
a: no special abilities


You were on level 3 of the Dungeon.
You were not hungry.

You visited 1 branch of the dungeon, and saw 4 of its levels.

You collected 36 gold pieces.

Inventory:

Armour
 a - a +0 scale mail (worn)
 b - a +0 shield (worn)
Scrolls
 e - a scroll of amnesia {unknown}
 g - a scroll of teleportation {unknown}
 h - a scroll of magic mapping {unknown}
Potions
 c - 2 potions of might
Comestibles
 d - 2 bread rations
 f - a beef jerky


   Skills:
 - Level 3.6 Fighting
 - Level 3.6 Armour
 - Level 3.6 Shields
 * Level 4.4 Unarmed Combat


You had 2 spell levels left.
You didn't know any spells.

Dungeon Overview and Level Annotations

Branches:
Dungeon (4/15)
 Temple: D:4-7

Altars:
Beogh


Innate Abilities, Weirdness & Mutations

You reflexively headbutt those who attack you in melee.
You have a pair of horns on your head.


Message History

You open the door. 2 orcs and an orc priest come into view.
The orc priest shouts!
The orc shouts!
The orc shouts!
Found 60 gold pieces.
Found a roughly hewn altar of Beogh. 2 orcs come into view.
The orc shouts!
The orc barely misses you.
Found 17 gold pieces and a hand axe.
There is an open door here.
You hit the orc. You headbutt the orc.
You kill the orc!
You block the orc's attack.
You barely miss the orc. The orc hits you.
Your shield and scale mail prevent you from hitting the orc.
The orc hits you.
You hit the orc.
The orc is moderately wounded.
The orc priest casts a cantrip, but nothing happens.
You punch the orc!
You kill the orc!
You punch the orc!
The orc is severely wounded.
You completely miss the orc priest. You block the orc's attack.
The orc priest invokes the aid of Beogh against you.
Pain shoots through your body!
* * * LOW HITPOINT WARNING * * *
You hit the orc priest.
The orc priest is moderately wounded.
The orc hits you but does no damage. You block the orc priest's attack.
You hit the orc priest.
The orc priest is severely wounded.
You block the orc's attack. The orc priest hits you with a whip.
* * * LOW HITPOINT WARNING * * *
Drink which item? (? for menu, Esc to quit)
Okay, then.
You hit the orc priest.
The orc priest is severely wounded.
The orc hits you with a falchion!
You die...

#..$.# #....####
#........
...####.#.#.###
.......>....#
...######...######
#####.......#
##.$.##.####.#
#.8.8.#@.....#
#_$$.ooo.......
#$8$8.#........
##.$$##...#####
#### ....# ......
..#.#.# .........
)#...##


You could see an orc priest and 2 orcs.

Vanquished Creatures
  4 adders
  An adder skeleton (D:4)
  3 orcs (D:3)
  A hobgoblin (D:2)
  A quokka (D:4)
  A ball python (D:1)
  A bat (D:2)
  A giant newt (D:2)
  A goblin (D:3)
  2 jackals (D:3)
  A rat (D:3)
17 creatures vanquished.

Notes
Turn   | Place    | Note
--------------------------------------------------------------
     0 | D:1      | Implojin the Minotaur Fighter began the quest for the Orb.
     0 | D:1      | Reached XP level 1. HP: 19/19 MP: 0/0
    34 | D:2      | Reached skill level 3 in Unarmed Combat
    34 | D:2      | Reached XP level 2. HP: 20/26 MP: 1/1
   214 | D:3      | Reached skill level 4 in Unarmed Combat
   214 | D:3      | Reached XP level 3. HP: 17/31 MP: 2/2
   318 | D:3      | Found a roughly hewn altar of Beogh.
   330 | D:3      | Slain by an orc

Action                   || total
-------------------------++-------
Melee: Unarmed           ||    73

Table legend:
 A = Turns spent in this place as a percentage of turns spent in the entire game.
 B = Non-inter-level travel turns spent in this place as a percentage of non-inter-level travel turns spent in the entire game.
 C = Inter-level travel turns spent in this place as a percentage of turns spent in this place.
 D = Turns resting spent in this place as a percentage of non-inter-level travel turns spent in this place.
 E = Turns spent auto-exploring this place as a percentage of non-inter-level travel turns spent in this place.
 F = Non-inter-level travel turns spent in this place divided by the number of levels of this place that you've seen.
                   A       B       C       D       E      F
               +-------+-------+-------+-------+-------+----------------------
         Total | 100.0 | 100.0 |   0.0 |   0.0 |   0.0 |  83.8
       Dungeon | 100.0 | 100.0 |   0.0 |   0.0 |   0.0 |  83.8
               +-------+-------+-------+-------+-------+----------------------

Table legend:
 A = Kills in this place as a percentage of kills in entire the game.
 B = Kills by you in this place as a percentage of kills by you in the entire game.
 C = Kills by friends in this place as a percentage of kills by friends in the entire game.
 D = Other kills in this place as a percentage of other kills in the entire game.
 E = Experience gained in this place as a percentage of experience gained in the entire game.
 F = Experience gained in this place divided by the number of levels of this place that you have seen.
                   A       B       C       D       E      F
               +-------+-------+-------+-------+-------+----------------------
         Total | 100.0 | 100.0 |  -nan |  -nan | 100.0 |  19.0
       Dungeon | 100.0 | 100.0 |  -nan |  -nan | 100.0 |  19.0
               +-------+-------+-------+-------+-------+----------------------
